[Event "Titled Tuesday Blitz October 31 Late 2023"]
[White "Asadli, Vugar"]
[Black "Arencibia Monduy, Antonio"]
[WhiteFideId "13405764"]
[BlackFideId "3507939"]
[WhiteElo "2857"]
[BlackElo "2571"]
[Result "1-0"]
[Round "2"]
[TimeControl "180+1"]
[Date "2023.10.31"]
[WhiteClock "0:00:33"]
[BlackClock "0:00:00"]
[Board "30"]

1. e4 b6 2. d4 e6 3. a3 Bb7 4. Nc3 Ne7 5. Nf3 Ng6 6. h4 h6 7. h5 Ne7 8. Bd3 d6 9. Qe2 a6 10. Bf4 Nd7 11. O-O-O b5 12. g4 Nb6 13. g5 hxg5 14. Nxg5 Qd7 15. Bg3 f6 16. Nf3 O-O-O 17. Kb1 Kb8 18. Nd2 f5 19. Nb3 fxe4 20. Bxe4 Ned5 21. Nxd5 Nxd5 22. Na5 Ba8 23. Rc1 Be7 24. c4 bxc4 25. Qxc4 Nb6 26. Qc2 Bxe4 27. Qxe4 Nd5 28. Nc6+ Ka8 29. Qd3 Kb7 30. Qb3+ Nb6 31. Rhe1 Bg5 32. Rc2 Rc8 33. Rxe6 Rhe8 34. d5 Rf8 35. f4 Bf6 36. Bf2 Ra8 37. Na5+ Kc8 38. Bxb6 Rb8 39. Qe3 Rxb6 40. Qxb6 1-0


[Site "https://www.chess.com"]

[Event "Titled Tuesday Blitz October 31 Late 2023"]
[White "Kamsky, Gata"]
[Black "balachess2006"]
[WhiteFideId "2000024"]
[WhiteElo "2843"]
[BlackElo "2568"]
[Result "0-1"]
[Round "2"]
[TimeControl "180+1"]
[Date "2023.10.31"]
[WhiteClock "0:00:00"]
[BlackClock "0:00:18"]
[Board "31"]

1. e4 c5 2. Nf3 Nc6 3. d4 cxd4 4. Nxd4 g6 5. c4 Nf6 6. Nc3 Nxd4 7. Qxd4 d6 8. Be2 Bg7 9. O-O O-O 10. Qd3 Be6 11. Be3 Qa5 12. Rac1 Rfc8 13. b3 Nd7 14. Qd2 a6 15. Nd5 Qxd2 16. Bxd2 Bxd5 17. exd5 Nc5 18. Rfe1 Kf8 19. Rc2 a5 20. Rb1 Ne4 21. Be1 Bd4 22. Kf1 Bc5 23. Bd3 Nf6 24. Bd2 Ng4 25. Bf4 f6 26. h3 Ne5 27. Be2 Kf7 28. Bd2 Bb4 29. Bc1 Bc5 30. f4 Nd7 31. g4 f5 32. g5 Bd4 33. Kg2 Nc5 34. Bd2 Ne4 35. Be1 Nc5 36. Rd1 Bg7 37. h4 h5 38. Bf3 b6 39. Re2 Ra7 40. Bf2 Rb8 41. Rc2 Na6 42. Re2 Nc5 43. Rc2 Na6 44. Re2 Rc7 45. Rde1 Nb4 46. Rd1 b5 47. cxb5 Rxb5 48. Red2 Rb8 49. Re2 Rc2 50. Rxc2 Nxc2 51. Rc1 Nb4 52. a4 Nd3 53. Rc7 Nxf4+ 54. Kg3 Nd3 55. Bd1 Be5+ 56. Kg2 Nf4+ 57. Kf1 Nd3 0-1


[Site "https://www.chess.com"]

[Event "Titled Tuesday Blitz October 31 Late 2023"]
[White "Erdogan, Anil Berk"]
[Black "Alexandre, Anne Shopie Elizabeth"]
[WhiteFideId "6348173"]
[BlackFideId "11902418"]
[WhiteElo "2565"]
[BlackElo "2843"]
[Result "0-1"]
[Round "2"]
[TimeControl "180+1"]
[Date "2023.10.31"]
[WhiteClock "0:00:52"]
[BlackClock "0:01:51"]
[Board "32"]

1. e4 c5 2. Nf3 d6 3. Bb5+ Nd7 4. d4 cxd4 5. Qxd4 a6 6. Bxd7+ Bxd7 7. c4 e5 8. Qd3 h6 9. Nc3 Nf6 10. O-O Bc6 11. a4 Be7 12. b3 O-O 13. Ba3 Qa5 14. Rfd1 Rfd8 15. Nd5 Bxd5 16. cxd5 Nd7 17. Rdc1 Rdc8 18. Rc2 Rxc2 19. Qxc2 Nb6 20. Nxe5 Rc8 21. Nc4 Nxc4 22. bxc4 b5 23. axb5 axb5 24. Bb2 Qb4 25. Re1 Qxe1# 0-1


[Site "https://www.chess.com"]

[Event "Titled Tuesday Blitz October 31 Late 2023"]
[White "Zakhartsov, Vladimir"]
[Black "Ordekalog"]
[WhiteFideId "4145097"]
[WhiteElo "2836"]
[BlackElo "2564"]
[Result "0-1"]
[Round "2"]
[TimeControl "180+1"]
[Date "2023.10.31"]
[WhiteClock "0:00:12"]
[BlackClock "0:00:44"]
[Board "33"]

1. d4 d5 2. c4 e6 3. Nc3 c5 4. cxd5 exd5 5. Nf3 Nc6 6. g3 Nf6 7. Bg2 cxd4 8. Nxd4 Bc5 9. Nxc6 bxc6 10. O-O O-O 11. Na4 Bb6 12. Bg5 h6 13. Bxf6 Qxf6 14. Rc1 Re8 15. b3 Ba6 16. Rc2 Re6 17. Bf3 Rae8 18. Kg2 g6 19. Re1 h5 20. h4 Ba5 21. Rh1 Bb6 22. Nb2 Bxe2 23. Rxe2 Rxe2 24. Nd3 Rxa2 25. Qc1 Kg7 26. Rd1 Qd4 27. Kh1 Rxf2 28. Nxf2 Qxf2 29. Qc3+ d4 30. Qxc6 Re3 31. Bg2 Qxg3 32. Rf1 Qxh4+ 33. Kg1 d3 34. Rxf7+ Kxf7 35. Qd7+ Re7+ 0-1


[Site "https://www.chess.com"]

[Event "Titled Tuesday Blitz October 31 Late 2023"]
[White "Przybylski, Wojciech"]
[Black "Yanchenko, Roman"]
[WhiteFideId "1117599"]
[BlackFideId "4137329"]
[WhiteElo "2564"]
[BlackElo "2830"]
[Result "0-1"]
[Round "2"]
[TimeControl "180+1"]
[Date "2023.10.31"]
[WhiteClock "0:00:06"]
[BlackClock "0:01:36"]
[Board "34"]

1. d4 d5 2. g3 Nf6 3. Bg2 Bf5 4. Nf3 e6 5. O-O Bd6 6. Re1 Nbd7 7. c4 c6 8. Nc3 h6 9. a4 O-O 10. c5 Bc7 11. Bf4 a5 12. Qb3 Rb8 13. h3 Re8 14. Rad1 Ne4 15. Bxc7 Qxc7 16. Nd2 Nxd2 17. Rxd2 e5 18. g4 exd4 19. Rxd4 Nxc5 20. Qa3 Ne6 21. Rd2 Bg6 22. Rc1 Nf4 23. Nxd5 Nxd5 24. Bxd5 Qd7 25. Rcd1 cxd5 26. Rxd5 Qe7 27. Qxe7 Rxe7 28. Rxa5 Rxe2 29. Rb5 Bc2 30. Rd4 Re1+ 31. Kg2 Be4+ 32. f3 Bc6 33. Rb3 Rbe8 34. h4 R8e2+ 35. Kg3 g5 36. hxg5 hxg5 37. a5 Rg1+ 38. Kh3 Rh1+ 39. Kg3 Rhh2 0-1


[Site "https://www.chess.com"]

[Event "Titled Tuesday Blitz October 31 Late 2023"]
[White "Pakleza, Zbigniew"]
[Black "Shapiro, Viktor"]
[WhiteFideId "1119290"]
[BlackFideId "4175700"]
[WhiteElo "2829"]
[BlackElo "2563"]
[Result "0-1"]
[Round "2"]
[TimeControl "180+1"]
[Date "2023.10.31"]
[WhiteClock "0:00:00"]
[BlackClock "0:00:17"]
[Board "35"]

1. d4 Nf6 2. Nf3 e6 3. Bf4 c5 4. c3 Qb6 5. Qb3 Nc6 6. e3 d5 7. Nbd2 Be7 8. h3 O-O 9. Be2 c4 10. Qc2 Qd8 11. O-O a6 12. e4 b5 13. e5 Nd7 14. g3 f6 15. exf6 Bxf6 16. Rfe1 e5 17. dxe5 Ndxe5 18. Bf1 Nd3 19. Bxd3 cxd3 20. Qxd3 Bxh3 21. Nb3 d4 22. Nfxd4 g5 23. Bd2 Ne5 24. Qe4 Bg7 25. Be3 Bg4 26. Nd2 Qf6 27. f4 gxf4 28. Bxf4 Ng6 29. Rf1 Rae8 30. Qg2 Qb6 31. Nb3 Re2 32. Qc6 Qxc6 33. Nxc6 Rxb2 34. Nbd4 Bh3 35. Rf2 Rxf2 36. Kxf2 Nxf4 37. gxf4 Bd7 38. Ke3 Bxc6 39. Nxc6 Bxc3 40. Rc1 b4 41. Rc2 Re8+ 42. Kd3 h5 43. Kc4 Re4+ 44. Kd5 Rxf4 45. Re2 h4 46. Ne7+ Kf7 47. Nc6 Kf6 48. Nd8 h3 49. Ne6 Rf3 50. Nc5 Kf5 51. Ne4 Rd3+ 52. Kc4 Rd4+ 0-1


[Site "https://www.chess.com"]

[Event "Titled Tuesday Blitz October 31 Late 2023"]
[White "Sanchez Alvares, Kelvin Antonio"]
[Black "Brodsky, David"]
[WhiteFideId "3906680"]
[BlackFideId "2073250"]
[WhiteElo "2562"]
[BlackElo "2811"]
[Result "1-0"]
[Round "2"]
[TimeControl "180+1"]
[Date "2023.10.31"]
[WhiteClock "0:00:22"]
[BlackClock "0:00:04"]
[Board "36"]

1. e4 e5 2. Nf3 Nc6 3. Bb5 a6 4. Ba4 Nf6 5. O-O b5 6. Bb3 Bb7 7. Re1 Bc5 8. d3 d6 9. Nc3 h6 10. h3 O-O 11. Be3 Bxe3 12. fxe3 Na5 13. Qd2 Re8 14. Qf2 Nxb3 15. axb3 b4 16. Ne2 d5 17. exd5 e4 18. Nfd4 Nxd5 19. Ng3 exd3 20. cxd3 Qg5 21. Ndf5 Ne7 22. e4 Nxf5 23. Nxf5 Bc8 24. h4 Qf6 25. Ne3 Qxf2+ 26. Kxf2 Be6 27. Rec1 Rad8 28. Ke2 f5 29. Rxa6 fxe4 30. dxe4 Bxb3 31. Rxc7 Rxe4 32. Kf3 Rde8 33. Nf5 Bd1+ 34. Kg3 Rg4+ 35. Kh2 h5 36. Raa7 Re5 37. Rxg7+ Rxg7 38. Rxg7+ Kf8 39. Rg5 Bg4 40. Ng3 Rxg5 41. hxg5 Kg7 42. Ne4 Kg6 43. Nf6 Kxg5 44. Nd5 Be6 45. Nxb4 Kg4 46. Nd3 h4 47. b4 Kf5 48. Nc5 Bc4 49. Kh3 Kg5 50. Ne4+ Kh5 51. Nd6 Be6+ 52. Kh2 Bd5 53. b5 Kg5 54. b6 Kf6 55. b7 Bxb7 56. Nxb7 Kf5 57. Nc5 Kg5 58. Ne4+ Kg4 59. Nf2+ 1-0


[Site "https://www.chess.com"]

[Event "Titled Tuesday Blitz October 31 Late 2023"]
[White "Kobo, Ori"]
[Black "Wartiovaara, Oliver"]
[WhiteFideId "2812320"]
[BlackFideId "513024"]
[WhiteElo "2809"]
[BlackElo "2559"]
[Result "1-0"]
[Round "2"]
[TimeControl "180+1"]
[Date "2023.10.31"]
[WhiteClock "0:02:05"]
[BlackClock "0:01:25"]
[Board "37"]

1. d4 Nf6 2. Nf3 d5 3. e3 e6 4. b3 b6 5. Bb2 Bb7 6. Nbd2 Nbd7 7. Bd3 Bd6 8. O-O O-O 9. c4 c5 10. cxd5 Nxd5 11. Ne4 Be7 12. Ng3 cxd4 13. Bxd4 Bf6 14. Rc1 Bxd4 15. Nxd4 Qf6 16. Ne4 Qe5 17. Nc6 Bxc6 18. Rxc6 Rfc8 19. Qc2 Rxc6 20. Qxc6 Rd8 21. Rc1 Nb4 22. Qxd7 1-0


[Site "https://www.chess.com"]

[Event "Titled Tuesday Blitz October 31 Late 2023"]
[White "Jaskolka, Tomasz"]
[Black "Troff, Kayden"]
[WhiteFideId "1170791"]
[BlackFideId "2047896"]
[WhiteElo "2558"]
[BlackElo "2799"]
[Result "1-0"]
[Round "2"]
[TimeControl "180+1"]
[Date "2023.10.31"]
[WhiteClock "0:00:28"]
[BlackClock "0:00:49"]
[Board "38"]

1. d4 Nf6 2. Nc3 d5 3. Bf4 g6 4. e3 Nh5 5. Be5 f6 6. Be2 Ng7 7. Bg3 c6 8. h4 Nf5 9. Bh2 Nd7 10. h5 Qb6 11. Qd2 Qxb2 12. Rb1 Qa3 13. Rb3 Qa5 14. hxg6 hxg6 15. Bc7 Rxh1 16. Bxa5 Rxg1+ 17. Bf1 b6 18. Bb4 a5 19. Ba3 Ba6 20. Ne2 Bc4 21. Nxg1 Bxb3 22. axb3 b5 23. g4 Ng7 24. Bd3 Kf7 25. Ne2 b4 26. Bb2 e6 27. e4 Bd6 28. e5 Be7 29. exf6 Bxf6 30. g5 Be7 31. Qf4+ Nf5 32. Bxf5 exf5 33. Qc7 Nf8 34. Qxc6 Rd8 35. Nf4 Rd6 36. Qc7 Rd7 37. Qxa5 Bxg5 38. Nxd5 Ne6 39. Nxb4 Bd8 40. Qb5 Rd6 41. d5 Nc7 42. Qc4 Ne8 43. Nc6 Bf6 44. Bxf6 Nxf6 45. Ne5+ Ke8 46. Qc8+ Ke7 47. Qc7+ Nd7 48. Nc6+ 1-0


[Site "https://www.chess.com"]

[Event "Titled Tuesday Blitz October 31 Late 2023"]
[White "Sokolovsky, Yahli"]
[Black "Aldokhin, Ivan"]
[WhiteFideId "2820242"]
[BlackFideId "24115720"]
[WhiteElo "2794"]
[BlackElo "2557"]
[Result "1-0"]
[Round "2"]
[TimeControl "180+1"]
[Date "2023.10.31"]
[WhiteClock "0:00:22"]
[BlackClock "0:00:13"]
[Board "39"]

1. b3 d5 2. Bb2 Bg4 3. h3 Bh5 4. Nf3 Bxf3 5. exf3 e6 6. g3 Nf6 7. Bg2 g6 8. c4 c6 9. O-O Bg7 10. f4 O-O 11. d3 a5 12. Nc3 Na6 13. Qe2 Qb6 14. Na4 Qa7 15. Qe3 Nb4 16. Bd4 Qb8 17. Rfc1 b5 18. cxb5 cxb5 19. Nb6 Ra6 20. a3 Rxb6 21. Bxb6 d4 22. Bxd4 Nbd5 23. Qd2 Rd8 24. Qb2 Nh5 25. Bxg7 Nxg7 26. Qd2 Nf5 27. Qxa5 Nd4 28. Rcb1 Ne2+ 29. Kf1 Nd4 30. Qd2 b4 31. axb4 Nxb4 32. Ra8 Qxa8 33. Bxa8 Nd5 34. Bxd5 Rxd5 35. b4 1-0


[Site "https://www.chess.com"]

[Event "Titled Tuesday Blitz October 31 Late 2023"]
[White "Friedland, Moshe"]
[Black "Javakhadze, Zurab"]
[WhiteFideId "2812843"]
[BlackFideId "13603647"]
[WhiteElo "2556"]
[BlackElo "2783"]
[Result "0-1"]
[Round "2"]
[TimeControl "180+1"]
[Date "2023.10.31"]
[WhiteClock "0:00:00"]
[BlackClock "0:00:40"]
[Board "40"]

1. a3 g6 2. Nf3 Bg7 3. d4 Nf6 4. c3 O-O 5. Bf4 d6 6. e3 Nc6 7. h3 Bd7 8. Be2 Nh5 9. Bh2 e5 10. O-O Kh8 11. Nbd2 Qe7 12. Nc4 f5 13. dxe5 dxe5 14. Nfxe5 Nf6 15. Nxd7 Nxd7 16. Bf3 Nc5 17. Qc2 Qe6 18. Qe2 Ne5 19. Nxe5 Bxe5 20. Bxe5+ Qxe5 21. Rfd1 Rad8 22. Rxd8 Rxd8 23. Rd1 Rd6 24. Rxd6 Qxd6 25. Qd1 Qxd1+ 26. Bxd1 Nd3 27. b4 Kg7 28. Be2 Ne5 29. f4 Nd7 30. Kf2 Nf6 31. Bf3 c6 32. g4 Kf7 33. g5 Ne8 34. Ke2 Nd6 35. Kd3 Ke6 36. c4 Kd7 37. h4 b5 38. c5 Nc4 39. e4 fxe4+ 40. Bxe4 Nxa3 41. f5 Nc4 42. fxg6 Ne5+ 43. Kd4 Nxg6 44. h5 Nf4 0-1


[Site "https://www.chess.com"]

[Event "Titled Tuesday Blitz October 31 Late 2023"]
[White "Hajiyev, Kanan"]
[Black "Alex_Sahakyan2006"]
[WhiteFideId "13404148"]
[WhiteElo "2554"]
[BlackElo "2758"]
[Result "1-0"]
[Round "2"]
[TimeControl "180+1"]
[Date "2023.10.31"]
[WhiteClock "0:01:35"]
[BlackClock "0:02:05"]
[Board "41"]

1. d4 Nf6 2. Nf3 b6 3. g3 Bb7 4. Bg2 e6 5. Nh4 c5 6. Bxb7 Nc6 7. Bxa8 Qxa8 8. dxc5 Bxc5 9. O-O h6 10. Nc3 g5 11. Ng2 Ne5 12. Be3 Be7 13. Bd4 Nc6 14. Bxf6 Bxf6 15. Nb5 Qb8 16. Qd6 Qc8 17. Qc7 Qa6 18. a4 Be5 19. Qxe5 1-0


[Site "https://www.chess.com"]

[Event "Titled Tuesday Blitz October 31 Late 2023"]
[White "Horton, Andrew P"]
[Black "Blomqvist, Erik"]
[WhiteFideId "424269"]
[BlackFideId "1709437"]
[WhiteElo "2758"]
[BlackElo "2553"]
[Result "1-0"]
[Round "2"]
[TimeControl "180+1"]
[Date "2023.10.31"]
[WhiteClock "0:00:05"]
[BlackClock "0:00:00"]
[Board "42"]

1. Nf3 d5 2. c4 d4 3. b4 g5 4. Bb2 Bg7 5. Nxg5 e5 6. Ne4 f5 7. Nc5 Ne7 8. e3 b6 9. Qa4+ c6 10. Nd3 O-O 11. exd4 e4 12. Ne5 c5 13. bxc5 bxc5 14. dxc5 Qc7 15. f4 Nd7 16. Qc2 Rb8 17. Nc3 Nxe5 18. fxe5 Bxe5 19. Nb5 Qxc5 20. Ba3 Rxb5 21. Bxc5 Rxc5 22. Rb1 Nc6 23. Be2 Bd7 24. O-O Nd4 25. Qd1 Rf6 26. d3 e3 27. Rb7 Bc6 28. Rxa7 f4 29. Qe1 Rg6 30. g3 f3 31. Bxf3 Nxf3+ 32. Rxf3 Bxf3 33. Qxe3 Re6 34. Qxc5 1-0


[Site "https://www.chess.com"]

[Event "Titled Tuesday Blitz October 31 Late 2023"]
[White "Ribeiro, Matheus Mendes Domingues"]
[Black "Bashirli, Nail"]
[WhiteFideId "324226923"]
[BlackFideId "13406809"]
[WhiteElo "2552"]
[BlackElo "2758"]
[Result "0-1"]
[Round "2"]
[TimeControl "180+1"]
[Date "2023.10.31"]
[WhiteClock "0:00:00"]
[BlackClock "0:00:32"]
[Board "43"]

1. c4 Nf6 2. Nc3 e5 3. Nf3 Nc6 4. e3 g6 5. d4 exd4 6. exd4 Bg7 7. d5 Ne7 8. Bd3 O-O 9. O-O d6 10. Re1 Bg4 11. h3 Bxf3 12. Qxf3 Nd7 13. Bf4 Ne5 14. Bxe5 Bxe5 15. Re2 Kg7 16. Rae1 Bxc3 17. bxc3 Ng8 18. Qe3 Qf6 19. Qd4 Qxd4 20. cxd4 Nf6 21. Re7 Rfe8 22. Kf1 Kf8 23. Rxc7 Rxe1+ 24. Kxe1 Rb8 25. g4 Ke8 26. Bc2 a6 27. Bb3 b6 28. c5 bxc5 29. dxc5 dxc5 30. d6 Rb6 31. Rxf7 Rxd6 32. Ra7 Nd7 33. Ba4 Ke7 34. Bxd7 Rxd7 35. Rxa6 Rd3 36. Ra7+ Kf6 37. Rxh7 Ra3 38. Rc7 Ra5 39. Kf1 Ke5 40. Kg2 Kd4 41. Rd7+ Ke4 42. Rd6 g5 43. Rc6 Kd3 44. Rd6+ Kc3 45. Rd5 Kb4 46. Rxg5 Rxa2 47. Rg8 c4 48. h4 c3 49. Rc8 Ra5 50. Rb8+ Rb5 51. Re8 c2 52. Re1 Kc3 53. Rc1 Kd2 54. Rxc2+ Kxc2 55. h5 Kd3 56. Kg3 Ke4 57. h6 Ke5 58. g5 Kf5 59. h7 Rb8 60. f4 Rh8 0-1


[Site "https://www.chess.com"]

[Event "Titled Tuesday Blitz October 31 Late 2023"]
[White "Roebers, Eline"]
[Black "Blanco Ronquillo, Humberto L."]
[WhiteFideId "1058401"]
[BlackFideId "3504239"]
[WhiteElo "2552"]
[BlackElo "2754"]
[Result "1-0"]
[Round "2"]
[TimeControl "180+1"]
[Date "2023.10.31"]
[WhiteClock "0:01:28"]
[BlackClock "0:00:22"]
[Board "44"]

1. f4 Nf6 2. Nf3 g6 3. g3 Bg7 4. Bg2 O-O 5. O-O c5 6. d3 d5 7. Qe1 d4 8. Na3 Nc6 9. Bd2 Nd5 10. c3 h6 11. Rc1 Be6 12. Qf2 Rc8 13. Nc4 Kh7 14. h3 Qd7 15. g4 dxc3 16. bxc3 f6 17. Rfd1 b5 18. Na3 a6 19. e4 Nb6 20. Be3 Na4 21. d4 cxd4 22. cxd4 Nb4 23. d5 Bf7 24. Qd2 a5 25. Bf1 Rc2 1-0


[Site "https://www.chess.com"]

[Event "Titled Tuesday Blitz October 31 Late 2023"]
[White "Krzyzanowski, Marcin"]
[Black "Golubev, Mikhail"]
[WhiteFideId "1132199"]
[BlackFideId "14100983"]
[WhiteElo "2754"]
[BlackElo "2551"]
[Result "1-0"]
[Round "2"]
[TimeControl "180+1"]
[Date "2023.10.31"]
[WhiteClock "0:00:08"]
[BlackClock "0:00:00"]
[Board "45"]

1. e4 c5 2. Nf3 d6 3. d4 Nf6 4. Nc3 cxd4 5. Nxd4 g6 6. Be3 Bg7 7. f3 Nc6 8. Qd2 O-O 9. O-O-O d5 10. Nxc6 bxc6 11. Bh6 Bxh6 12. Qxh6 Rb8 13. e5 Nd7 14. Rd4 Re8 15. e6 Nf6 16. exf7+ Kxf7 17. Ra4 Qb6 18. b3 e5 19. h4 Qc5 20. Kb2 Rb4 21. Rxb4 Qxb4 22. h5 Qd4 23. hxg6+ hxg6 24. Rh4 Qf2 25. Bd3 Rg8 26. Qg5 Be6 27. Rh6 e4 28. fxe4 dxe4 29. Bxe4 Nxe4 30. Nxe4 Qd4+ 31. Nc3 Bf5 32. Rh7+ Rg7 33. Rxg7+ Kxg7 34. Qe7+ Kh6 35. Qe2 Kg5 36. a3 Kf4 37. Qf3+ Ke5 38. Qxc6 Qd2 39. Qc5+ Kf6 40. Nd5+ Kg7 41. Qe7+ Kh6 42. Qe3+ Qxe3 43. Nxe3 Be4 44. Kc3 Kg5 45. Kd4 Kf4 46. c4 g5 47. b4 g4 48. Nxg4 Bxg2 49. Ne5 Kf5 50. c5 Ke6 51. b5 Bh1 52. a4 Bg2 53. c6 Bh1 54. Nc4 Bg2 55. Kc5 Be4 56. Nd6 Bf3 57. c7 Bb7 58. Nxb7 Kd7 59. b6 Kc8 60. Nd6+ 1-0


[Site "https://www.chess.com"]

[Event "Titled Tuesday Blitz October 31 Late 2023"]
[White "Toropov, Pavel"]
[Black "Koellner, Ruben Gideon"]
[WhiteFideId "24129178"]
[BlackFideId "12993093"]
[WhiteElo "2550"]
[BlackElo "2753"]
[Result "1-0"]
[Round "2"]
[TimeControl "180+1"]
[Date "2023.10.31"]
[WhiteClock "0:00:11"]
[BlackClock "0:00:25"]
[Board "46"]

1. e4 d6 2. d4 Nf6 3. Nc3 e5 4. Nge2 Nc6 5. h3 exd4 6. Nxd4 Nxd4 7. Qxd4 Be7 8. g4 O-O 9. Bg2 Be6 10. O-O Nd7 11. Be3 Bf6 12. Qd2 Nb6 13. b3 Qe8 14. Rac1 Qc6 15. Nd5 Bxd5 16. exd5 Qc3 17. Qxc3 Bxc3 18. Rcd1 Rfe8 19. Rd3 Bf6 20. a4 Nd7 21. f4 g6 22. Kf2 Re7 23. Kf3 Rae8 24. b4 b6 25. Rb1 g5 26. Bf1 gxf4 27. Bxf4 Re4 28. c3 h6 29. Rb2 Kg7 30. Re2 Rxe2 31. Bxe2 Bg5 32. Bg3 Ne5+ 33. Bxe5+ Rxe5 34. Kf2 f5 35. gxf5 Rxf5+ 36. Bf3 Bh4+ 37. Ke2 Bf6 38. Re3 h5 39. Kd3 Be5 40. Kc4 Rg5 41. Kb5 Rg3 42. Ka6 Rxh3 43. Kxa7 h4 44. Kb7 Rg3 45. Rd3 h3 46. Be4 Rxd3 47. Bxd3 Bxc3 48. b5 Kf6 49. Be4 Ke5 50. Bh1 Kd4 51. Kxc7 Kc5 52. Kb7 Bb4 53. Kc7 Ba5 54. Kb7 h2 55. Kc7 Be1 56. Kb7 Bd2 57. Kc7 Be3 58. Kd7 Bf4 59. Kc7 Bg3 60. a5 Kxb5 61. axb6 Bf2 62. b7 Ba7 63. b8=Q+ Bxb8+ 64. Kxb8 Kb6 65. Kc8 Kc5 66. Kd7 Kd4 67. Kxd6 Ke3 68. Ke6 Kf2 69. d6 Kg1 70. Bc6 Kf2 71. d7 Ke3 72. d8=Q Kf2 73. Qd4+ Kg3 74. Qe3+ Kg4 75. Qf2 h1=Q 76. Bxh1 Kh5 77. Qg2 Kh6 78. Kf6 Kh5 79. Qg5# 1-0


[Site "https://www.chess.com"]

[Event "Titled Tuesday Blitz October 31 Late 2023"]
[White "Szpar, Milosz"]
[Black "dodoucb"]
[WhiteFideId "1184989"]
[WhiteElo "2752"]
[BlackElo "2546"]
[Result "1-0"]
[Round "2"]
[TimeControl "180+1"]
[Date "2023.10.31"]
[WhiteClock "0:02:51"]
[BlackClock "0:02:06"]
[Board "47"]

1. Nf3 Nf6 2. c4 e6 3. b3 d5 4. Bb2 Be7 5. g3 b6 6. cxd5 exd5 7. Bg2 O-O 8. O-O c6 9. e3 Bf5 10. Nc3 Nbd7 11. Nd4 Bd3 12. Nxc6 Qe8 13. Nxe7+ Qxe7 14. Re1 Qe6 15. Ne2 Rac8 16. Nf4 Qf5 17. Bh3 1-0


[Site "https://www.chess.com"]

[Event "Titled Tuesday Blitz October 31 Late 2023"]
[White "ArmanGhevondyanchess"]
[Black "Rastbod, Ali"]
[BlackFideId "12567477"]
[WhiteElo "2541"]
[BlackElo "2749"]
[Result "0-1"]
[Round "2"]
[TimeControl "180+1"]
[Date "2023.10.31"]
[WhiteClock "0:00:08"]
[BlackClock "0:00:05"]
[Board "48"]

1. Nf3 d5 2. g3 c5 3. Bg2 Nc6 4. d4 cxd4 5. Nxd4 e5 6. Nxc6 bxc6 7. O-O Nf6 8. c4 Be6 9. cxd5 cxd5 10. Nc3 d4 11. Bxa8 Qxa8 12. Na4 Bh3 13. f3 Bxf1 14. Kxf1 h6 15. Bd2 Bd6 16. Rc1 O-O 17. Nc5 Qd5 18. Qb3 Rb8 19. Qxd5 Nxd5 20. b3 f5 21. Na4 Kf7 22. Rc6 Ke7 23. Ra6 Rb7 24. Nb2 Nc7 25. Ra5 Nb5 26. Nc4 Bc7 27. Ra6 e4 28. Bb4+ Kf7 29. Bc5 Bb8 30. a4 Nc7 31. Rc6 Ne6 32. fxe4 fxe4 33. b4 Nxc5 34. bxc5 Rb1+ 35. Kf2 Rc1 36. Nd6+ Bxd6 37. Rxd6 e3+ 38. Kg2 Rxc5 39. Rxd4 Rc2 40. Kf3 Ra2 41. Kxe3 a5 42. Rc4 g5 43. h3 Kg6 44. Kf3 Ra3+ 45. e3 Ra1 46. Kg2 Ra2+ 47. Kf3 Ra1 48. h4 gxh4 49. Rxh4 h5 50. Rc4 Rf1+ 51. Kg2 Ra1 52. Kh3 Rh1+ 53. Kg2 Re1 54. Kf2 Ra1 55. Rd4 Ra2+ 56. Kf3 Ra1 57. g4 h4 58. g5 Kxg5 59. Rd5+ Kg6 60. Rxa5 Kh6 61. Ra8 Kg5 62. Ra5+ Kg6 63. Kg4 Ra3 64. Ra6+ Kf7 65. e4 h3 66. Rh6 Rxa4 67. Kf5 Ra3 68. Rh7+ Kg8 69. Rh4 Kg7 70. e5 Rf3+ 71. Ke6 Kg6 72. Rg4+ Kh5 73. Rg8 Kh4 74. Ke7 h2 75. e6 Kh3 76. Rh8+ Kg2 77. Rg8+ Rg3 78. Rh8 Rh3 79. Rg8+ Kf3 80. Rf8+ Ke2 81. Ra8 h1=Q 82. Ra2+ Kd3 83. Ra3+ Kc4 84. Ra1 Qxa1 0-1


[Site "https://www.chess.com"]

[Event "Titled Tuesday Blitz October 31 Late 2023"]
[White "Schmakel, Sam"]
[Black "Osmak, Yuliia"]
[WhiteFideId "2039311"]
[BlackFideId "14101602"]
[WhiteElo "2749"]
[BlackElo "2537"]
[Result "1-0"]
[Round "2"]
[TimeControl "180+1"]
[Date "2023.10.31"]
[WhiteClock "0:00:24"]
[BlackClock "0:00:12"]
[Board "49"]

1. d4 Nf6 2. Bf4 d5 3. Nc3 a6 4. e3 c5 5. Nf3 cxd4 6. exd4 Bg4 7. h3 Bxf3 8. Qxf3 Nc6 9. O-O-O e6 10. g4 Bd6 11. g5 Bxf4+ 12. Qxf4 Nd7 13. h4 b5 14. h5 Qb8 15. Qg4 Qd6 16. f4 b4 17. Na4 Ne7 18. Bd3 Nb6 19. Nxb6 Qxb6 20. g6 f5 21. Qe2 hxg6 22. hxg6 Rxh1 23. Rxh1 Nxg6 24. Qh5 O-O-O 25. Qxg6 Qxd4 26. Qxe6+ Kb8 27. Qxf5 g6 28. Qe5+ Qxe5 29. fxe5 Re8 30. Re1 g5 31. Bxa6 g4 32. Bb5 Re7 33. e6 Kc7 34. Rg1 Rxe6 35. Rxg4 Kb6 36. Rxb4 Kc5 37. Rb3 Re1+ 38. Kd2 Ra1 39. a4 d4 40. Ra3 Rh1 41. Be2 1-0


[Site "https://www.chess.com"]

[Event "Titled Tuesday Blitz October 31 Late 2023"]
[White "Deeper44"]
[Black "Fier, Alexandr"]
[BlackFideId "2107139"]
[WhiteElo "2536"]
[BlackElo "2747"]
[Result "1-0"]
[Round "2"]
[TimeControl "180+1"]
[Date "2023.10.31"]
[WhiteClock "0:00:10"]
[BlackClock "0:01:22"]
[Board "50"]

1. d4 b6 2. g3 Bb7 3. d5 e6 4. c4 Nf6 5. Bg2 Bb4+ 6. Bd2 Qe7 7. d6 Bxg2 8. dxe7 Bxd2+ 9. Nxd2 Bxh1 10. f3 h5 11. h4 Nc6 12. Kf2 Nxe7 13. Nh3 Bxf3 14. exf3 Nf5 15. Ng5 O-O 16. Nde4 d5 17. cxd5 Nxd5 18. f4 g6 19. g4 Ng7 20. Qd4 c5 21. Nf6+ Nxf6 22. Qxf6 hxg4 23. Rd1 Nh5 24. Qe5 Rad8 25. Rxd8 Rxd8 26. Ne4 Rd5 27. Nf6+ Nxf6 28. Qxf6 Rf5 29. Qd8+ Kg7 30. Kg3 c4 31. Qc7 Rb5 32. Qxc4 Rc5 33. Qd4+ Kg8 34. Kxg4 Kh7 35. Qd7 Kg7 36. Qxa7 Rd5 37. Qxb6 Rd3 38. h5 Kh6 39. hxg6 f5+ 40. Kh4 Rf3 41. Qxe6 Rd3 42. Qxf5 Rh3+ 43. Qxh3 1-0


[Site "https://www.chess.com"]

[Event "Titled Tuesday Blitz October 31 Late 2023"]
[White "DopplerCharlotteDeWitte"]
[Black "JackRodgers"]
[WhiteElo "2738"]
[BlackElo "2536"]
[Result "1-0"]
[Round "2"]
[TimeControl "180+1"]
[Date "2023.10.31"]
[WhiteClock "0:00:15"]
[BlackClock "0:00:00"]
[Board "51"]

1. e4 c5 2. Nf3 g6 3. c3 Bg7 4. d4 cxd4 5. cxd4 d5 6. e5 Bg4 7. Nbd2 Nc6 8. h3 Bxf3 9. Nxf3 Nh6 10. Be2 O-O 11. O-O f6 12. exf6 Rxf6 13. Qb3 Nf5 14. Rd1 Rf8 15. Qxb7 Ncxd4 16. Nxd4 Nxd4 17. Bf1 e6 18. Qa6 Qf6 19. Be3 Nc2 20. Rac1 Nxe3 21. fxe3 Qf2+ 22. Kh1 Rae8 23. Bb5 Be5 24. Bxe8 Qg3 25. Qxe6+ Kh8 26. Qxe5+ Qxe5 27. Bc6 Qxb2 28. Bxd5 Rd8 29. e4 a5 30. Rc7 Qe5 31. Ra7 Rf8 32. Rxa5 Qc3 33. Rb5 Qc2 34. Rg1 Rf2 35. Rb8+ 1-0


[Site "https://www.chess.com"]

[Event "Titled Tuesday Blitz October 31 Late 2023"]
[White "Sreyas Payyappat"]
[Black "Tatarinov, Dmitry"]
[WhiteFideId "46674969"]
[BlackFideId "24160067"]
[WhiteElo "2536"]
[BlackElo "2737"]
[Result "1-0"]
[Round "2"]
[TimeControl "180+1"]
[Date "2023.10.31"]
[WhiteClock "0:00:14"]
[BlackClock "0:00:18"]
[Board "52"]

1. e4 c5 2. Nf3 d6 3. d4 cxd4 4. Nxd4 Nf6 5. Nc3 a6 6. h4 Nc6 7. h5 h6 8. Be3 Bd7 9. f3 Rc8 10. Qd2 e6 11. g4 Ne5 12. O-O-O Be7 13. Be2 b5 14. Rdg1 b4 15. Nb1 Qa5 16. g5 hxg5 17. Rxg5 Qxa2 18. Rxg7 d5 19. h6 dxe4 20. h7 exf3 21. Nxf3 Nc4 22. Bxc4 Qxc4 23. Ne5 Qe4 24. Rg8+ Bf8 25. Rxh8 Qxh1+ 26. Qd1 Qh3 27. Bg5 Nd5 28. b3 f6 29. Qd3 Qh5 30. Qg6+ Qxg6 31. Nxg6 Kf7 32. Nxf8 Bb5 33. Rg8 Bd3 34. h8=Q Bxc2 35. Qg7+ Ke8 36. Nxe6# 1-0


[Site "https://www.chess.com"]